 Dungeon Crawl Stone Soup version 0.30.2 (webtiles) character file.

Game seed: 15406732576326603963

376 porpoise the Digger (level 6, -1/32 HPs)
             Began as a Gargoyle Earth Elementalist on Feb 14, 2024.
             Killed from afar by an orc wizard (12 damage)
             ... with a puff of flame
             ... on level 3 of the Dungeon.
             The game lasted 00:08:40 (2452 turns).

porpoise the Digger (Gargoyle Earth Elementalist)   Turns: 2452, Time: 00:08:41

Health: -1/32      AC:  6    Str: 11    XL:     6   Next: 73%
Magic:  9/10       EV: 11    Int: 18    God:
Gold:   77         SH:  0    Dex: 10    Spells: 7/11 levels left

rFire   . . .        a - +3 dagger (pain)
rCold   . . .        (no shield)
rNeg    + . .        o - +0 robe
rPois   ∞            (no helmet)
rElec   +            (no cloak)
rCorr   .            (no gloves)
SInv    .            (no boots)
Will    .....        (no amulet)
Stlth   +            (no ring)
HPRegen 0.25/turn    (no ring)
MPRegen 0.12/turn

%: no passive effects
@: confused
A: sickness immunity, AC +4, negative energy resistance 1, electricity
resistance, torment resistance 1, petrification resistance
a: no special abilities


You were on level 3 of the Dungeon.
You visited 1 branch of the dungeon, and saw 3 of its levels.

You collected 77 gold pieces.

Inventory:

Hand Weapons
 a - a +3 dagger of pain (weapon)
 b - a +0 sling
Armour
 o - a +0 robe (worn)
Wands
 m - a wand of quicksilver (7)
Scrolls
 d - a scroll of blinking {unknown}
 i - a scroll of identify {unknown}
 j - a scroll of silence {unknown}
 l - a scroll of vulnerability {unknown}
 p - a scroll of teleportation {unknown}
Potions
 c - a potion of magic
 e - a potion of lignification {unknown}
 f - a potion of curing
 g - a potion of mutation {unknown}
 h - a potion of haste {unknown}
 k - a potion of heal wounds {unknown}
 n - a potion of flight {unknown}


   Skills:
 - Level 1.5 Dodging
 - Level 2.1 Stealth
 - Level 3.0 Spellcasting
 + Level 4.3 Conjurations
 - Level 0.7 Transmutations
 + Level 6.5 Earth Magic


You had 7 spell levels left.
You knew the following spells:

 Your Spells              Type           Power      Damage    Failure   Level
a - Sandblast             Erth           52%        2d12      1%          1
b - Stone Arrow           Conj/Erth      44%        3d9       5%          3

Your spell library contained the following spells:

 Spells                   Type           Power      Damage    Failure   Level
 Passwall                 Tmut/Erth      12%        N/A       5%          2
 Ensorcelled Hibernation  Hex/Ice        4%         N/A       24%         2
 Petrify                  Tmut/Erth      15%        N/A       36%         4
 Swiftness                Air            2%         N/A       43%         3


Dungeon Overview and Level Annotations

Branches:
Dungeon (3/15)

Altars:
Dithmenos
Zin


Innate Abilities, Weirdness & Mutations

You are immune to sickness and miasma.
Your stone body is resilient. (AC +4)
You are immune to poison.
You resist negative energy. (rN+)
You are resistant to electric shocks. (rElec)
You are resistant to unholy torment.
You are immune to petrification.


Message History

You barely miss something.
You feel less confused. The orc misses you.
Something hits you but does no damage.
You hit something. The orc barely misses you.
You hit the orc.
You kill the orc!
Something hits you.
You see here a +0 short sword.
Casting: Sandblast (safe; 1% risk of failure)
Confirm with . or Enter, or press ? or * to list all spells.
You can't see any susceptible monsters within range! (Use Z to cast anyway.)
Casting: Sandblast (safe; 1% risk of failure)
Confirm with . or Enter, or press ? or * to list all spells.
You don't know that spell.
Sorry, you're not good enough to have a special ability.
Casting: Sandblast (safe; 1% risk of failure)
Confirm with . or Enter, or press ? or * to list all spells.
Aiming: Sandblast (safe; 1% risk of failure)
Press: ? - help, Shift-Dir - straight line The blast of sand hits something!!
Reactivating autopickup.
You feel a bit more experienced.
You hear some strange, mumbled words.
Deactivating autopickup; reactivate with Ctrl-A.
You are confused.
You hear some strange, mumbled words.
Something tries to affect you, but you resist.
Things that are here:
a +2 mace of holy wrath; a +0 scale mail; an orc corpse You bump into the rock wall.
You hear some strange, mumbled words.
A magic dart appears from out of thin air!
The magic dart hits you!
You hit something. Something hits you.
You barely miss something. Something hits you but does no damage.
You bump into the rock wall.
You hear some strange, mumbled words.
A puff of flame appears from out of thin air!
The puff of flame hits you!
You die...

........##.....#~_#.###
........##.....##.#.##.
...........###..'.##...
........##.##..##.#..##
.......# #.##.##≈_####
.......###....#####
..##...#.#....## .
#)#.....##..#
#@###.#..)..#
#{##..#####.# #.##.##
#.# #.......# #.######
#...!#### #.......
..o...# #.######
oo.#.#..# #..##### ..
#.#..## ####...... .
.#.##.. #..[<..##.


There were no monsters in sight!

Vanquished Creatures
  Sigmund (D:3)
  Jessica (D:3)
  An orc wizard (D:3)
  11 adders
  3 worms (D:2)
  2 dart slugs
  2 orcs (D:3)
  4 endoplasms
  A giant cockroach (D:3)
  6 goblins (D:1)
  4 hobgoblins
  9 kobolds
  5 quokkas
  10 ball pythons
  8 bats
  3 rats
71 creatures vanquished.

Notes
Turn   | Place    | Note
-------+----------+-------------------------------------------
     0 | D:1      | porpoise the Gargoyle Earth Elementalist began the quest
                  | for the Orb.
     0 | D:1      | Reached XP level 1. HP: 10/10 MP: 3/3
   172 | D:1      | Reached XP level 2. HP: 15/15 MP: 3/5
   431 | D:1      | Reached skill level 4 in Earth Magic
   673 | D:1      | Reached XP level 3. HP: 19/19 MP: 5/7
   677 | D:1      | Learned a level 3 spell: Stone Arrow
  1407 | D:2      | Reached skill level 1 in Conjurations
  1523 | D:2      | Reached XP level 4. HP: 24/24 MP: 6/8
  1852 | D:2      | Reached skill level 5 in Earth Magic
  1872 | D:2      | Reached XP level 5. HP: 28/28 MP: 6/9
  2173 | D:3      | Noticed Jessica
  2177 | D:3      | Killed Jessica
  2232 | D:3      | Noticed Sigmund
  2249 | D:3      | Killed Sigmund
  2250 | D:3      | Reached skill level 6 in Earth Magic
  2250 | D:3      | Reached XP level 6. HP: 11/32 MP: 2/10
  2405 | D:3      | Found a shadowy altar of Dithmenos.
  2405 | D:3      | Found a glowing silver altar of Zin.
  2452 | D:3      | Killed from afar by an orc wizard

Illustrated notes

Levels and vault maps discovered:
D:1:      lightli_arrival_boilingwater, layout_basic, serial_glass,
          glass_columns_b, glass_columns_a
D:2:      layout_rooms, minmay_snake_closets
D:3:      layout_rooms, makhleb_altar_promises_db,
          gammafunk_temple_overflow_elements, uniq_crazy_yiuf_cottage,
          uniq_jessica, uniq_sigmund

Skill      XL: |  1  2  3  4  5 |
---------------+----------------+-----
Earth Magic    | 4 5 6 |  6.5
Spellcasting   | 3 |  3.0
Conjurations   | 1 2 4 |  4.3
Dodging        | |  1.5
Stealth        | |  2.1
Transmutations | |  0.7

Action                     |  1- 3 |  4- 6 || total
---------------------------+-------+-------++-------
  Melee: Whip              |    14 |       ||    14
         Dagger            |       |    10 ||    10
   Fire: Sling             |     3 |    19 ||    22
   Cast: Sandblast         |    51 |    40 ||    91
         Stone Arrow       |       |     1 ||     1
    Use: Potion            |       |     2 ||     2
 Armour: Robe              |    13 |    11 ||    24
  Dodge: Dodged            |    16 |    12 ||    28
